AoeStats
← n13s

Nomad

510967400Analyzed
4v4 RM · 9h ago on Oct 3, 2026· 56m 58s· 8 players
Game mode
Random Map
Map size
231×231
Population
200
Speed
Normal
Resources
Standard
Victory
Conquest
Starting age
Dark Age
Ending age
Imperial Age
RankedLock teamsTeams togetherTeam positionsShared explorationLock speedFull tech treeHidden civsTurbo modeCheats
Victory
Defeat
🇪🇸 Dravidians · Spain
1174
+17
🇲🇹 Spanish · Malta
1168
+17
🇩🇪 Byzantines · Germany
1167
+17
🇪🇸 Saxons · Spain
1152
+18
🇨🇳 Malians · China
1231
-18
🇨🇳 Saracens · China
1209
-18
🇨🇳 Persians · China
1190
-17
🇹🇼 Italians · Taiwan
1169
-16
YUZ
8:54 Loom
13:56 Feudal Age
14:59 Double-Bit Axe
15:04 Horse Collar
17:27 Castle Age
18:21 Scale Barding Armor
18:27 Forging
19:09 Bloodlines
19:00 Husbandry
20:00 Chain Barding Armor
39:31 Wheelbarrow
39:41 Bow Saw
45:51 Heavy Plow
51:40 Imperial Age
51:19 Cavalier
52:41 Savar
55:23 Light Cavalry
wuyu
3:44 Loom
15:02 Feudal Age
19:20 Castle Age
18:05 Double-Bit Axe
18:17 Horse Collar
21:08 Scale Barding Armor
25:04 Wheelbarrow
25:24 Fletching
29:46 Heavy Plow
34:05 Chain Barding Armor
33:56 Forging
40:35 Hand Cart
44:56 Bimaristan
45:36 Husbandry
48:54 Bow Saw
48:41 Town Watch
52:12 Iron Casting
55:04 Imperial Age
54:48 Bloodlines
傳奇商店
3:53 Loom
16:14 Feudal Age
22:21 Castle Age
20:05 Fishing Lines
22:26 Double-Bit Axe
22:24 Horse Collar
24:04 Bow Saw
23:57 Heavy Plow
23:54 Gold Mining
27:18 Imperial Age
24:58 Padded Archer Armor
27:17 Fletching
27:43 Leather Archer Armor
30:21 Wheelbarrow
31:52 Bodkin Arrow
32:09 Forging
32:00 Scale Mail Armor
33:50 Ring Archer Armor
33:24 Bracer
37:09 Crop Rotation
38:04 Iron Casting
37:45 Chain Mail Armor
38:47 Elite Genoese Crossbowman
40:59 Two-Man Saw
41:58 Ballistics
42:39 Chemistry
42:21 Conscription
42:21 Squires
42:07 Arson
45:29 Hand Cart
46:51 Blast Furnace
46:23 Plate Mail Armor
46:15 Thumb Ring
48:41 Murder Holes
苏苏的冰淇淋
12:46 Feudal Age
16:23 Castle Age
15:13 Double-Bit Axe
18:20 Medium Warships
19:36 Horse Collar
22:41 Loom
24:08 Heavy Plow
25:40 Bow Saw
27:33 Wheelbarrow
27:53 Gold Mining
28:50 Hand Cart
29:12 Gold Shaft Mining
33:36 Imperial Age
30:41 Man-at-Arms
31:23 Squires
31:09 Arson
31:23 Long Swordsman
32:27 Forging
32:23 Scale Barding Armor
32:00 Treadmill Crane
34:11 Iron Casting
33:57 Chain Barding Armor
33:39 Scale Mail Armor
35:18 Chemistry
33:45 Two-Handed Swordsman
35:00 Conscription
34:33 Champion
40:50 Pikeman
41:49 Chain Mail Armor
41:55 Chain Barding Armor
42:15 Cavalier
42:56 Husbandry
43:06 Bloodlines
43:05 Farimba
43:01 Stone Mining
45:33 Plate Mail Armor
45:39 Plate Barding Armor
Note1984
5:18 Loom
13:52 Feudal Age
14:24 Double-Bit Axe
14:33 Fishing Lines
19:56 Castle Age
18:25 Fletching
19:02 Horse Collar
20:11 Stone Mining
20:13 Gold Mining
21:12 Gillnets
22:00 Bow Saw
25:40 Wheelbarrow
25:58 Bodkin Arrow
26:15 Scale Mail Armor
26:26 Forging
26:22 Town Watch
27:00 Heavy Plow
28:36 Hand Cart
32:07 Imperial Age
38:40 Two-Man Saw
38:14 Crop Rotation
38:11 Town Patrol
40:57 Conscription
39:57 Elite Hearth Troop
41:57 Chain Mail Armor
45:43 Plate Mail Armor
45:48 Iron Casting
48:35 Bracer
48:31 Arson
48:48 Squires
48:50 Elite Varangian Guard
49:16 Gambesons
51:30 Town Patrol
53:04 Gold Shaft Mining
n13s
5:48 Loom
17:34 Feudal Age
18:18 Double-Bit Axe
19:02 Fishing Lines
19:18 Gold Mining
21:53 Castle Age
19:49 Fletching
20:02 Padded Archer Armor
22:41 Bodkin Arrow
23:01 Leather Archer Armor
22:55 Thumb Ring
25:06 Ballistics
25:44 Town Watch
29:01 Wheelbarrow
34:23 Hand Cart
42:43 Horse Collar
47:44 Imperial Age
45:56 Gillnets
49:37 Chemistry
48:48 Masonry
48:04 Elite Elephant Archer
48:56 Bracer
49:26 Ring Archer Armor
49:26 Conscription
49:14 Medical Corps
48:46 Elite Elephant Archer
53:00 Town Patrol
53:18 Forging
53:09 Scale Mail Armor
53:14 Scale Barding Armor
52:34 Siege Elephant
52:44 Elite Urumi Swordsman
53:48 Wootz Steel
54:41 Bombard Tower
54:07 Arrowslits
54:32 Fortified Wall
54:43 Shipwright
54:33 Clinker Construction
54:20 Murder Holes
54:17 Guard Tower
54:37 Careening
56:29 Iron Casting
56:09 Chain Mail Armor
56:15 Chain Barding Armor
[DSbZ]Querkraft
5:42 Loom
14:20 Feudal Age
14:56 Double-Bit Axe
15:54 Gold Mining
16:49 Fishing Lines
20:36 Fletching
23:55 Castle Age
24:11 Wheelbarrow
25:00 Medium Warships
25:21 Bow Saw
25:14 Horse Collar
26:16 Heavy Plow
26:20 Gillnets
29:25 Bodkin Arrow
30:07 Scale Barding Armor
30:13 Forging
32:33 Chain Barding Armor
33:22 Iron Casting
38:25 Gold Shaft Mining
37:41 Stone Mining
39:21 Husbandry
38:57 Elite Skirmisher
40:47 Ballistics
44:48 Imperial Age
42:50 Padded Archer Armor
45:51 Conscription
44:56 Capped Ram
46:49 Chemistry
45:50 Bracer
46:06 Leather Archer Armor
47:44 Siege Ram
49:13 Scale Mail Armor
50:46 Chain Mail Armor
51:40 Squires
51:01 Pikeman
53:03 Hand Cart
proxxi
9:16 Loom
13:41 Feudal Age
15:23 Double-Bit Axe
18:04 Castle Age
16:50 Padded Archer Armor
16:36 Fishing Lines
17:02 Stone Mining
19:05 Leather Archer Armor
19:27 Bow Saw
24:03 Fletching
27:20 Wheelbarrow
44:40 Imperial Age
44:31 Horse Collar
45:43 Conscription
46:12 Husbandry
46:28 Bloodlines
46:50 Heavy Plow
48:18 Elite Conquistador
50:51 Ring Archer Armor
53:38 Town Watch
55:09 Gold Mining
57:47 Hand Cart
58:10 Stone Shaft Mining
Connection lost

Rejoining the realm…

Still unreachable

The connection could not be restored.

Session expired

The server has moved on; the page needs a fresh start.